 Dungeon Crawl Stone Soup version 0.29.0-15-g675c0067aa (webtiles) character file.

Game seed: 298869837983421986

150630 qw the Peltast (level 16, -2/232 HPs)
             Began as a Minotaur Berserker on Sept 12, 2022.
             Was a High Priest of Trog.
             Killed from afar by an elemental wellspring (8 damage)
             ... with a torrent of water
             ... on level 2 of the Shoals.
             The game lasted 00:10:36 (34699 turns).

qw the Peltast (Minotaur Berserker)                Turns: 34699, Time: 00:10:36

Health: -2/232     AC: 26    Str: 32    XL:     16   Next: 99%
Magic:  0/15       EV: 12    Int:  9    God:    Trog [*****.]
Gold:   644        SH: 21    Dex: 14    Spells: 15/15 levels left

rFire   . . .      SeeInvis +   Y - +9 broad axe (spect)
rCold   + . .      Faith    .   g - +0 tower shield
rNeg    . . .      Spirit   +   e - +3 chain mail {rC+}
rPois   +          Reflect  .   w - +2 hat
rElec   +          Harm     .   i - +1 cloak
rCorr   .          Rampage  .   k - +0 pair of gloves of Derulato {rElec Int+5}
Will    +++..                   t - +2 pair of boots {Fly}
Stlth   ..........              o - amulet of guardian spirit
HPRegen 1.48/turn               p - ring of Keppost {rPois Str+3 Dex+3}
MPRegen 0.14/turn               b - ring of see invisible

@: berserking (expiring), strong-willed, flying, regenerating, very quick
A: horns 2, retaliatory headbutt
a: Renounce Religion, Berserk, Trog's Hand, Brothers in Arms


You were on level 2 of the Shoals.
You worshipped Trog.
Trog was extremely pleased with you.
You visited 5 branches of the dungeon, and saw 27 of its levels.

You collected 2851 gold pieces.
You spent 2207 gold pieces at shops.


Innate Abilities, Weirdness & Mutations

You have a pair of horns on your head.
You reflexively headbutt those who attack you in melee.


   Skills:
 + Level 17.2 Fighting
 - Level 18.0 Axes
 - Level 8.0 Throwing
 - Level 15.0 Armour
 - Level 10.0 Dodging
 - Level 19.5 Shields


You had 15 spell levels left.
You didn't know any spells.
Your spell library was empty.

Inventory:

Hand Weapons
 z - a +3 broad axe of flaming
 Y - a +9 spectral broad axe (weapon)
Missiles
 f - 22 boomerangs (quivered)
Armour
 e - a +3 chain mail of cold resistance (worn)
 g - a +0 tower shield (worn)
 i - a +1 cloak (worn)
 k - the +0 pair of gloves of Derulato (worn) {rElec Int+5}
   (You bought it in a shop on level 12 of the Dungeon)

   Int:       It affects your intelligence (+5).
   rElec:     It insulates you from electricity.
 r - a +0 plate armour
 t - a +2 pair of boots of flying (worn)
 v - a +2 pair of gloves
 w - a +2 hat (worn)
Jewellery
 b - a ring of see invisible (right hand)
 c - a ring of fire
 m - an amulet of the acrobat
 o - an amulet of guardian spirit (around neck)
 p - the ring of Keppost (left hand) {rPois Str+3 Dex+3}
   (You took it off an orc warrior on level 8 of the Dungeon)

   [ring of poison resistance]

   Str:       It affects your strength (+3).
   Dex:       It affects your dexterity (+3).
   rPois:     It protects you from poison.
 x - a ring of protection from fire
 A - a +4 ring of evasion
Scrolls
 a - 12 scrolls of teleportation
 n - 23 scrolls of identify
Potions
 d - 7 potions of mutation
 h - a potion of resistance
 j - 8 potions of might
 l - 3 potions of haste
 q - 3 potions of curing
 s - a potion of cancellation {unknown}
 u - 2 potions of heal wounds

Dungeon Overview and Level Annotations

Branches:
Dungeon (15/15)            Temple (0/1) D:5            Lair (5/5) D:11
 Shoals (2/4) Lair:2        Snake (3/4) Lair:3        Slime (0/5) Lair:5
    Orc (2/2) D:12            Elf (0/3) Orc:2        Vaults (0/5) D:13
 Depths (0/4) D:15

Altars:
Uskayaw
Vehumet
Lugonu

Shops:
D:6 ?   D:12 [   Orc:2 ([[*=(?(!   Snake:3 [

Portals:
Abyss: Snake:1

Annotations:
D:3 1 runed translucent door, qw's ghost, amateur GrFi
D:4 1 runed translucent door, Crazy Yiuf
D:5 1 runed translucent door, qw's ghost, weakling GrDe
D:14 3 runed translucent doors, qw's ghost, journeyman GrFi


Message History

You block the torrent of water.
The wave splashes down.
You hear a shout!
You slice the water elemental!!
The water elemental is severely damaged.
Your +9 spectral broad axe hits the water elemental!!
You destroy the water elemental!
The water elemental disappears in a puff of smoke!
Your +9 spectral broad axe hits the elemental wellspring!
Water spirits pour forth from the elemental wellspring! x2
You open the water elemental like a pillowcase!!!
The water elemental is almost destroyed.
Your +9 spectral broad axe completely misses the water elemental.
Your +9 spectral broad axe hits the elemental wellspring!
Your +9 spectral broad axe hits the water elemental!
Your +9 spectral broad axe hits the water elemental!!
You slash the water elemental!
You destroy the water elemental!
The water elemental disappears in a puff of smoke!
A torrent of water rises up through the elemental wellspring!
The torrent of water hits you!!!
You are knocked back by the torrent of water.
The wave splashes down.
You block the water elemental's attack. x2
A torrent of water rises up through the elemental wellspring!
The torrent of water passes through the water elemental. x2
The torrent of water hits you!!!
You are knocked back by the torrent of water.
The wave splashes down.
A torrent of water rises up through the elemental wellspring!
The torrent of water passes through the water elemental.
The torrent of water hits you!!
You are knocked back by the torrent of water.
The wave splashes down.
You feel a strong urge to attack something.
You see here a +5 broad axe.
You block the water elemental's attack. The water elemental misses you.
A torrent of water rises up through the elemental wellspring!
The torrent of water passes through the water elemental.
The torrent of water hits you!
You die...

~~~.# ~~~~# #~~~~..~....~~~~
~~~.# ~~~~##~~~~..~....~~~~ ...##
~~~~##~~~........~~~ ...#
#~~~##~~~~#.....~~~~ ..##
#~~~###.~~##...~~~~~ ..###
#~~~~##~~~##...~~~~~ ....#
##EEE##~~~~#....~~~~ ....#
#~EEE#~~~~~#....~~~~ .~..#
#~~@##~~~~##...~~~~~ ~~~~#
#.~~)~~~~~~#..~~~~~~ ~~~.#
#~~~~~~~~.##.~~~~~~~ ~...#
#~~~~~~~###.~~~~~~~~ ~~..##
####~~~###~~~~~~~~~~~
~~...########~######~~~~~~~~~~~~~
~~~~..~~~~~~~~~~~~~~~~~~~~~~~~~~~
~~~~~~)~~~~~~~~~~~~~~~~~~~~~~~~~~
~~~~~~~~~~~~~~~~~~~~~~~~~~~~~~~~~


You could see 2 elemental wellsprings and 4 water elementals.

Vanquished Creatures
  Gastronok (D:9)
  Agnes (D:15)
  Frances (Snake:2)
  Kirke (Lair:5)
  Donald (Shoals:1)
  2 nagarajas (Snake:3)
  Aizul (Snake:1)
  An orc warlord (Orc:2)
  A stone giant (D:15)
  An elemental wellspring (Shoals:2)
  A fire dragon (D:14)
  2 merfolk impalers (Shoals:2)
  2 vault guards (D:13)
  An ogre mage (D:15)
  5 hydras
  4 boulder beetles
  Harold (D:9)
  6 centaur warriors
  4 catoblepae
  A merfolk avatar (Shoals:2)
  An anaconda (Snake:1)
  A death knight (D:13)
  An alligator snapping turtle (Shoals:1)
  4 naga warriors (Snake:1)
  A deep troll shaman (Lair:5)
  10 two-headed ogres
  5 tengu warriors
  3 orc high priests (Orc:2)
  12 death yaks (Lair:5)
  Urug (D:10)
  2 shock serpents (Snake:1)
  4 naga sharpshooters
  Amaemon (D:9)
  Nergalle (D:10)
  7 sea snakes
  4 skeletal warriors (D:14)
  2 naga ritualists
  A lindwurm (Lair:5)
  An orc knight (Orc:2)
  3 necromancers (D:13)
  4 deep elf pyromancers
  2 oklob plants (Lair:5)
  2 orc sorcerers (Orc:2)
  7 manticores
  14 fauns (Shoals:1)
  A mana viper (Snake:1)
  3 ugly things
  7 cyclopes
  A salamander (shapeshifter) (D:15)
  12 elephants
  2 guardian serpents (Snake:1)
  4 naga magi
  2 merfolk sirens
  4 water nymphs
  18 black mambas
  An orange demon (D:9)
  6 cane toads
  6 komodo dragons
  A komodo dragon (shapeshifter) (D:15)
  3 rime drakes
  An efreet (D:14)
  A yaktaur (D:13)
  A freezing wraith (D:14)
  3 tengu conjurers
  3 polar bears
  7 trolls
  A wind drake (Shoals:1)
  19 merfolk
  3 meliai (D:15)
  A wind drake (shapeshifter) (D:14)
  A queen bee (Lair:2)
  A queen bee (shapeshifter) (D:15)
  Prince Ribbit (D:8)
  11 dream sheep
  33 blink frogs
  3 snapping turtles
  8 slime creatures (D:14)
  2 vampires
  42 yaks
  10 basilisks
  3 wraiths
  5 wyverns
  18 humans (D:13)
  Grum (D:8)
  6 water elementals
  2 hogs (Lair:5)
  Edmund (D:4)
  20 nagas
  3 wargs (Orc:2)
  Duvessa (D:4)
  13 water moccasins
  24 orc warriors
  A black bear (Lair:4)
  An ice beast (D:5)
  6 ogres
  21 wolves
  3 centaurs
  A phantom (D:5)
  3 kobold brigands
  8 bullfrogs
  A gnoll sergeant (D:11)
  A scorpion (D:4)
  Dowan (D:4)
  36 killer bees
  7 howler monkeys
  3 electric eels (Lair:4)
  3 jellies
  27 orc priests
  A hound (D:6)
  Jessica (D:2)
  An iguana (D:6)
  21 orc wizards
  8 adders
  9 gnolls
  2 shadow imps
  A white imp (D:6)
  2 worms (D:3)
  2 dart slugs (D:1)
  66 orcs
  8 ball pythons
  3 bats (D:1)
  11 endoplasms
  4 giant cockroaches
  5 goblins
  10 hobgoblins
  4 quokkas
  2 frilled lizards (D:3)
  36 kobolds
  4 rats (D:2)
  A bush (Lair:3)
  A lurking horror (Snake:1)
  A plant (Shoals:1)
779 creatures vanquished.

Vanquished Creatures (collateral kills)
  Vashnia (Snake:2)
  A boulder beetle (D:11)
  2 hydras
  A tengu warrior (D:11)
  A naga sharpshooter (Snake:2)
  2 orc knights (Orc:2)
  2 orc sorcerers (Orc:2)
  A merfolk siren (Shoals:1)
  An oklob plant (Snake:3)
  A black mamba (Snake:3)
  A cane toad (Lair:2)
  4 blink frogs (Lair:1)
  A wyvern (D:11)
  5 orc warriors (Orc:2)
  A black bear (D:11)
  A wolf (Lair:3)
  A howler monkey (D:11)
  4 orc priests (Orc:2)
  3 orcs (Orc:2)
34 creatures vanquished.

Vanquished Creatures (others)
  A human (Lair:5)
  18 fungi
  98 plants
117 creatures vanquished.

Grand Total: 930 creatures vanquished

Notes
Turn   | Place    | Note
-------+----------+-------------------------------------------
     0 | D:1      | qw the Minotaur Berserker began the quest for the Orb.
     0 | D:1      | Reached XP level 1. HP: 19/19 MP: 0/0
     0 | D:1      | 0 ||| qw: Version: 0.1-a-119-g272c26d
     0 | D:1      | 0 ||| qw: Game counter: 10873
     0 | D:1      | 0 ||| qw: Always use a shield: true
     0 | D:1      | 0 ||| qw: Do Orc after D:15 true
     0 | D:1      | 0 ||| qw: Do second Lair branch before Depths: true
     0 | D:1      | 0 ||| qw: Lair rune preference: random
     0 | D:1      | 0 ||| qw: Plans: Normal
     0 | D:1      | 0 ||| PLANNING D:1-11
    57 | D:1      | 57 ||| Stepping ~*~*~tactically~*~*~ (stealth).
   132 | D:1      | Reached XP level 2. HP: 26/26 MP: 1/1
   201 | D:1      | 201 ||| Stepping ~*~*~tactically~*~*~ (stealth).
   241 | D:1      | 241 ||| Stepping ~*~*~tactically~*~*~ (stealth).
   332 | D:1      | 332 ||| DROPPING +0 club.
   342 | D:1      | Found a faded altar of an unknown god.
   504 | D:1      | 504 ||| Stepping ~*~*~tactically~*~*~ (stealth).
   619 | D:1      | 619 ||| Stepping ~*~*~tactically~*~*~ (stealth).
   621 | D:1      | 621 ||| Stepping ~*~*~tactically~*~*~ (stealth).
   623 | D:1      | 623 ||| Stepping ~*~*~tactically~*~*~ (stealth).
   716 | D:1      | Reached XP level 3. HP: 31/31 MP: 2/2
   731 | D:1      | Reached ** piety under Trog
   921 | D:1      | 921 ||| UPGRADING to ring of protection from fire.
   922 | D:1      | 922 ||| UPGRADING to +6 ring of intelligence.
   923 | D:1      | 923 ||| READING 4 scrolls labelled UTABOCIDDI.
   926 | D:1      | 926 ||| READING 2 scrolls labelled VUCRAR RAYSU.
   927 | D:1      | 927 ||| READING scroll labelled VUVOLL VEAGISASM.
   928 | D:1      | 928 ||| DRINKING 2 clear potions.
   929 | D:1      | 929 ||| DRINKING 2 glowing inky potions.
   930 | D:1      | 930 ||| DROPPING scroll of fear.
   931 | D:1      | 931 ||| DROPPING potion of flight.
   932 | D:1      | 932 ||| READING 3 scrolls of teleportation.
  1476 | D:2      | Reached skill level 6 in Axes
  1476 | D:2      | Reached XP level 4. HP: 38/39 MP: 3/3
  1745 | D:2      | 1745 ||| Stepping ~*~*~tactically~*~*~ (stealth).
  1760 | D:2      | 1760 ||| FLEEEEING.
  1761 | D:2      | 1761 ||| FLEEEEING.
  1762 | D:2      | 1762 ||| FLEEEEING.
  1771 | D:2      | 1771 ||| STAIRDANCE
  1831 | D:1      | 1831 ||| UPGRADING to +0 chain mail.
  1841 | D:1      | 1841 ||| DROPPING +0 animal skin.
  1842 | D:1      | 1842 ||| READING scroll labelled LEZEEX FESCH.
  1843 | D:1      | 1843 ||| READING scroll labelled DABUUM UCA.
  1844 | D:1      | 1844 ||| READING scroll labelled KABI VETRU.
  1845 | D:1      | 1845 ||| DRINKING 2 murky white potions.
  1886 | D:1      | 1886 ||| DRINKING 4 bubbling amethyst potions.
  1887 | D:1      | 1887 ||| DROPPING potion of lignification.
  1898 | D:2      | Noticed Jessica
  1899 | D:2      | 1899 ||| Stepping ~*~*~tactically~*~*~ (stealth).
  1903 | D:2      | 1903 ||| Stepping ~*~*~tactically~*~*~ (stealth).
  1904 | D:2      | 1904 ||| Stepping ~*~*~tactically~*~*~ (stealth).
  1906 | D:2      | 1906 ||| Stepping ~*~*~tactically~*~*~ (hiding).
  1910 | D:2      | Killed Jessica
  2333 | D:2      | 2333 ||| READING scroll labelled MUETRE PAPAMP.
  2493 | D:3      | 2493 ||| DROPPING +0 whip.
  2626 | D:3      | Reached XP level 5. HP: 41/45 MP: 4/4
  2832 | D:3      | Reached *** piety under Trog
  2904 | D:3      | Found a runed translucent door.
  3156 | D:3      | Noticed qw's ghost (amateur GrFi)
  3158 | D:3      | 3158 ||| UPGRADING to +0 pair of boots.
  3163 | D:3      | 3163 ||| READING scroll labelled GAIPE GAUTEKH.
  3164 | D:3      | 3164 ||| READING scroll labelled KIS DATRUNU.
  3445 | D:4      | 3445 ||| INVOKING Berserk.
  3447 | D:4      | Reached XP level 6. HP: 52/52 MP: 5/5
  3578 | D:4      | Noticed Duvessa
  3578 | D:4      | Noticed Dowan
  3579 | D:4      | 3579 ||| Stepping ~*~*~tactically~*~*~ (hiding).
  3582 | D:4      | 3582 ||| INVOKING Berserk.
  3590 | D:4      | Killed Duvessa
  3597 | D:4      | Killed Dowan
  3598 | D:4      | Reached skill level 9 in Axes
  3806 | D:4      | Noticed Edmund
  3811 | D:4      | 3811 ||| INVOKING Berserk.
  3816 | D:4      | Killed Edmund
  3817 | D:4      | Reached XP level 7. HP: 59/59 MP: 6/6
  3947 | D:4      | Identified the ring of Saetiask {Fly Dex+7}
  4007 | D:4      | Found a runed translucent door.
  4008 | D:4      | Noticed Crazy Yiuf
  4243 | D:4      | 4243 ||| DROPPING ring of flight.
  4244 | D:4      | 4244 ||| UPGRADING to ring of Saetiask {Fly Dex+7}.
  4246 | D:4      | 4246 ||| UPGRADING to ring of protection from fire.
  4248 | D:4      | 4248 ||| DROPPING +6 ring of intelligence.
  4249 | D:4      | 4249 ||| READING scroll labelled IGUITOXIYRPH.
  4250 | D:4      | 4250 ||| DRINKING 2 fuming dark potions.
  4251 | D:4      | 4251 ||| READING 2 scrolls of identify.
  4251 | D:4      | 4251 ||| IDENTIFYING red potion
  4268 | D:5      | Entered Level 5 of the Dungeon
  4295 | D:5      | Found a staircase to the Ecumenical Temple.
  4296 | D:5      | 4296 ||| Stepping ~*~*~tactically~*~*~ (stealth).
  4297 | D:5      | 4297 ||| Stepping ~*~*~tactically~*~*~ (hiding).
  4306 | D:5      | 4306 ||| FLEEEEING.
  4309 | D:5      | 4309 ||| FLEEEEING.
  4310 | D:5      | 4310 ||| FLEEEEING.
  4311 | D:5      | 4311 ||| FLEEEEING.
  4312 | D:5      | 4312 ||| STAIRDANCE
  4394 | D:5      | 4394 ||| DROPPING +2 whip of draining.
  4455 | D:5      | 4455 ||| INVOKING Berserk.
  4564 | D:5      | 4564 ||| Stepping ~*~*~tactically~*~*~ (hiding).
  4714 | D:5      | 4714 ||| SWAPPING to +2 war axe of freezing.
  4715 | D:5      | 4715 ||| DROPPING +1 hand axe.
  4747 | D:5      | Found a runed translucent door.
  4747 | D:5      | Noticed qw's ghost (weakling GrDe)
  4764 | D:5      | 4764 ||| INVOKING Berserk.
  5054 | D:5      | 5054 ||| Stepping ~*~*~tactically~*~*~ (stealth).
  5206 | D:5      | Identified the +10 quarterstaff of the Transmuting Madman
                  | {speed, Dex+3}
  5234 | D:5      | Reached skill level 6 in Fighting
  5234 | D:5      | Reached XP level 8. HP: 71/71 MP: 7/7
  5331 | D:5      | Found a radiant altar of Vehumet.
  5331 | D:5      | Found a hide-covered altar of Uskayaw.
  5436 | D:5      | 5436 ||| READING 2 scrolls of identify.
  5436 | D:5      | 5436 ||| IDENTIFYING viscous red potion
  5500 | D:6      | 5500 ||| INVOKING Berserk.
  5504 | D:6      | Reached skill level 3 in Dodging
  5653 | D:6      | 5653 ||| Stepping ~*~*~tactically~*~*~ (stealth).
  5696 | D:6      | 5696 ||| Stepping ~*~*~tactically~*~*~ (stealth).
  5724 | D:6      | 5724 ||| Stepping ~*~*~tactically~*~*~ (stealth).
  5726 | D:6      | 5726 ||| Stepping ~*~*~tactically~*~*~ (stealth).
  5734 | D:6      | Reached **** piety under Trog
  5744 | D:6      | 5744 ||| FLEEEEING.
  6055 | D:6      | 6055 ||| Stepping ~*~*~tactically~*~*~ (stealth).
  6061 | D:6      | 6061 ||| DRINKING potion of curing.
  6061 | D:6      | 6061 ||| (to cure confusion)
  6097 | D:6      | 6097 ||| Stepping ~*~*~tactically~*~*~ (hiding).
  6161 | D:6      | 6161 ||| READING scroll of enchant weapon.
  6161 | D:6      | 6161 ||| ENCHANTING +2 war axe of freezing.
  6225 | D:6      | Found Hieti Ont's Magic Scroll Boutique.
  6229 | D:6      | 6229 ||| BUYING scroll of enchant armour (90 gold).
  6229 | D:6      | Bought a scroll of enchant armour for 90 gold pieces
  6229 | D:6      | 6229 ||| BUYING scroll of enchant armour (90 gold).
  6229 | D:6      | Bought a scroll of enchant armour for 90 gold pieces
  6229 | D:6      | 6229 ||| BUYING scroll of identify (24 gold).
  6229 | D:6      | Bought a scroll of identify for 24 gold pieces
  6229 | D:6      | 6229 ||| BUYING scroll of identify (24 gold).
  6229 | D:6      | Bought a scroll of identify for 24 gold pieces
  6229 | D:6      | 6229 ||| BUYING scroll of identify (24 gold).
  6229 | D:6      | Bought a scroll of identify for 24 gold pieces
  6229 | D:6      | 6229 ||| BUYING scroll of identify (24 gold).
  6229 | D:6      | Bought a scroll of identify for 24 gold pieces
  6229 | D:6      | 6229 ||| READING 2 scrolls of enchant armour.
  6229 | D:6      | 6229 ||| ENCHANTING +0 pair of boots.
  6230 | D:6      | 6230 ||| READING scroll of enchant armour.
  6230 | D:6      | 6230 ||| ENCHANTING +1 pair of boots.
  6244 | D:6      | 6244 ||| INVOKING Berserk.
  6246 | D:6      | Reached skill level 1 in Throwing
  6743 | D:6      | 6743 ||| UPGRADING to +0 tower shield.
  6748 | D:6      | 6748 ||| READING 7 scrolls of identify.
  6748 | D:6      | 6748 ||| IDENTIFYING fuming black potion
  6749 | D:6      | 6749 ||| READING 6 scrolls of identify.
  6749 | D:6      | 6749 ||| IDENTIFYING white potion
  6750 | D:6      | 6750 ||| DROPPING potion of brilliance.
  6751 | D:6      | 6751 ||| DROPPING potion of attraction.
  6947 | D:7      | Reached skill level 2 in Shields
  7037 | D:7      | Reached skill level 3 in Shields
  7137 | D:7      | Reached skill level 4 in Shields
  7174 | D:7      | 7174 ||| Stepping ~*~*~tactically~*~*~ (hiding).
  7177 | D:7      | 7177 ||| Stepping ~*~*~tactically~*~*~ (hiding).
  7229 | D:7      | 7229 ||| Stepping ~*~*~tactically~*~*~ (stealth).
  7235 | D:7      | Reached skill level 5 in Shields
  7236 | D:7      | Reached skill level 6 in Shields
  7236 | D:7      | Reached XP level 9. HP: 68/78 MP: 8/8
  7240 | D:7      | Reached skill level 7 in Shields
  7545 | D:7      | Reached skill level 8 in Shields
  7593 | D:7      | 7593 ||| UPGRADING to +0 plate armour.
  7603 | D:7      | 7603 ||| DROPPING +0 chain mail.
  7604 | D:7      | 7604 ||| UPGRADING to +0 cloak.
  7609 | D:7      | 7609 ||| UPGRADING to amulet of guardian spirit.
  7614 | D:7      | 7614 ||| READING scroll labelled HEOT VITSOMIMO.
  7775 | D:8      | 7775 ||| Stepping ~*~*~tactically~*~*~ (stealth).
  7785 | D:8      | Noticed Prince Ribbit
  7787 | D:8      | 7787 ||| INVOKING Berserk.
  7793 | D:8      | Killed Prince Ribbit
  7794 | D:8      | Reached skill level 9 in Shields
  7822 | D:8      | 7822 ||| FLEEEEING.
  7823 | D:8      | 7823 ||| FLEEEEING.
  7824 | D:8      | 7824 ||| FLEEEEING.
  7830 | D:8      | 7830 ||| FLEEEEING.
  7831 | D:8      | 7831 ||| FLEEEEING.
  7832 | D:8      | 7832 ||| FLEEEEING.
  7863 | D:8      | 7863 ||| Stepping ~*~*~tactically~*~*~ (stealth).
  8046 | D:8      | 8046 ||| Stepping ~*~*~tactically~*~*~ (stealth).
  8047 | D:8      | 8047 ||| Stepping ~*~*~tactically~*~*~ (stealth).
  8049 | D:8      | Noticed Grum
  8050 | D:8      | 8050 ||| INVOKING Berserk.
  8055 | D:8      | Reached skill level 10 in Shields
  8059 | D:8      | Killed Grum
  8206 | D:8      | Reached skill level 11 in Shields
  8436 | D:8      | Identified the ring of Keppost {rPois Str+3 Dex+3}
  8440 | D:8      | 8440 ||| INVOKING Berserk.
  8792 | D:8      | 8792 ||| DROPPING +1 pair of boots.
  8793 | D:8      | 8793 ||| DROPPING ring of magical power.
  8794 | D:8      | 8794 ||| UPGRADING to ring of Keppost {rPois Str+3 Dex+3}.
  8796 | D:8      | 8796 ||| UPGRADING to ring of Saetiask {Fly Dex+7}.
  8804 | D:9      | Noticed Amaemon
  8804 | D:9      | Noticed an orange demon
  8807 | D:9      | Noticed a two-headed ogre
  8811 | D:9      | 8811 ||| INVOKING Berserk.
  8813 | D:9      | Reached XP level 10. HP: 57/84 MP: 3/9
  8817 | D:9      | Killed a two-headed ogre
  8818 | D:9      | Reached skill level 12 in Shields
  8818 | D:9      | HP: 25/126 [orc warrior/+0 dire flail (14)]
  8824 | D:9      | HP: 9/126 [Amaemon/the +8 whip "Snakebite" {venom, curare,
                  | rPois} (6)]
  8827 | D:9      | Killed Amaemon
  8828 | D:9      | Reached skill level 12 in Axes
  8831 | D:9      | Killed an orange demon
  9006 | D:9      | 9006 ||| FLEEEEING.
  9007 | D:9      | 9007 ||| STAIRDANCE
  9149 | D:9      | 9149 ||| STAIRDANCE
  9155 | D:8      | Reached skill level 6 in Armour
  9177 | D:9      | 9177 ||| STAIRDANCE
  9240 | D:9      | 9240 ||| READING scroll of enchant weapon.
  9240 | D:9      | 9240 ||| ENCHANTING +3 vorpal war axe.
  9330 | D:9      | Noticed Gastronok
  9331 | D:9      | Noticed Harold
  9334 | D:9      | 9334 ||| INVOKING Berserk.
  9337 | D:9      | Killed Harold
  9338 | D:9      | Reached skill level 3 in Throwing
  9338 | D:9      | Reached XP level 11. HP: 92/92 MP: 10/10
  9342 | D:9      | Noticed a two-headed ogre
  9345 | D:9      | Killed Gastronok
  9349 | D:9      | Killed a two-headed ogre
  9350 | D:9      | Reached skill level 13 in Shields
  9499 | D:9      | 9499 ||| INVOKING Berserk.
  9806 | D:9      | 9806 ||| UPGRADING to +0 pair of gloves.
  9811 | D:9      | 9811 ||| UPGRADING to +1 hat.
  9816 | D:9      | 9816 ||| READING scroll labelled HUALAI AGEZ.
  9980 | D:9      | 9980 ||| READING 6 scrolls of identify.
  9980 | D:9      | 9980 ||| IDENTIFYING fuming green potion
  9981 | D:9      | 9981 ||| DROPPING potion of magic.
 10002 | D:10     | Entered Level 10 of the Dungeon
 10014 | D:10     | 10014 ||| INVOKING Berserk.
 10197 | D:10     | Noticed Urug
 10201 | D:10     | 10201 ||| INVOKING Berserk.
 10205 | D:10     | Killed Urug
 10324 | D:10     | 10324 ||| SWAPPING to +5 broad axe.
 10325 | D:10     | 10325 ||| DROPPING +4 vorpal war axe.
 10378 | D:10     | 10378 ||| DROPPING +0 flail.
 10379 | D:10     | 10379 ||| DROPPING +8 whip "Snakebite" {venom, curare,
                  | rPois}.
 10539 | D:10     | Noticed Nergalle
 10543 | D:10     | 10543 ||| INVOKING Berserk.
 10548 | D:10     | Killed Nergalle
 10970 | D:10     | 10970 ||| READING 6 scrolls of identify.
 10970 | D:10     | 10970 ||| IDENTIFYING sedimented purple potion
 10971 | D:10     | 10971 ||| DROPPING potion of berserk rage.
 11075 | D:11     | 11075 ||| Stepping ~*~*~tactically~*~*~ (stealth).
 11077 | D:11     | 11077 ||| Stepping ~*~*~tactically~*~*~ (stealth).
 11087 | D:11     | Reached ***** piety under Trog
 11089 | D:11     | 11089 ||| Stepping ~*~*~tactically~*~*~ (stealth).
 11102 | D:11     | 11102 ||| FLEEEEING.
 11103 | D:11     | 11103 ||| FLEEEEING.
 11104 | D:11     | 11104 ||| FLEEEEING.
 11105 | D:11     | 11105 ||| FLEEEEING.
 11106 | D:11     | 11106 ||| FLEEEEING.
 11107 | D:11     | 11107 ||| FLEEEEING.
 11108 | D:11     | 11108 ||| FLEEEEING.
 11109 | D:11     | 11109 ||| FLEEEEING.
 11110 | D:11     | 11110 ||| FLEEEEING.
 11111 | D:11     | 11111 ||| FLEEEEING.
 11112 | D:11     | 11112 ||| FLEEEEING.
 11113 | D:11     | 11113 ||| STAIRDANCE
 11152 | D:11     | 11152 ||| STAIRDANCE
 11264 | D:11     | Noticed a boulder beetle
 11265 | D:11     | 11265 ||| INVOKING Brothers in Arms.
 11268 | D:11     | 11268 ||| INVOKING Berserk.
 11270 | D:11     | Killed a boulder beetle
 11280 | D:11     | Noticed a tengu warrior
 11281 | D:11     | Killed a tengu warrior
 11282 | D:11     | Noticed a tengu warrior
 11285 | D:11     | Killed a tengu warrior
 11292 | D:11     | Reached XP level 12. HP: 65/101 MP: 7/11
 11496 | D:11     | Found a staircase to the Lair.
 11719 | D:11     | 11719 ||| PLANNING LAIR
 11719 | D:11     | 11719 ||| READING scroll labelled DAYKHA GIRARIR.
 11719 | D:11     | Identified a scroll of acquirement
 11719 | D:11     | 11719 ||| ACQUIRING ring of see invisible
 11719 | D:11     | Acquired a ring of see invisible
 11721 | D:11     | 11721 ||| UPGRADING to ring of see invisible.
 11723 | D:11     | 11723 ||| READING scroll labelled VOBEPLI WYFETOUS.
 11749 | Lair:1   | Entered Level 1 of the Lair of Beasts
 11843 | Lair:1   | 11843 ||| Stepping ~*~*~tactically~*~*~ (stealth).
 11845 | Lair:1   | 11845 ||| Stepping ~*~*~tactically~*~*~ (hiding).
 11891 | Lair:1   | 11891 ||| Stepping ~*~*~tactically~*~*~ (stealth).
 11894 | Lair:1   | 11894 ||| Stepping ~*~*~tactically~*~*~ (stealth).
 11895 | Lair:1   | 11895 ||| Stepping ~*~*~tactically~*~*~ (stealth).
 11898 | Lair:1   | 11898 ||| Stepping ~*~*~tactically~*~*~ (stealth).
 11903 | Lair:1   | Reached skill level 15 in Axes
 11967 | Lair:1   | 11967 ||| Stepping ~*~*~tactically~*~*~ (stealth).
 11968 | Lair:1   | 11968 ||| INVOKING Berserk.
 11976 | Lair:1   | 11976 ||| INVOKING Brothers in Arms.
 12003 | Lair:1   | 12003 ||| INVOKING Brothers in Arms.
 12011 | Lair:1   | Reached skill level 9 in Fighting
 12060 | Lair:1   | 12060 ||| Stepping ~*~*~tactically~*~*~ (stealth).
 12152 | Lair:1   | 12152 ||| DROPPING +2 vampiric whip.
 12300 | Lair:1   | Noticed a four-headed hydra
 12301 | Lair:1   | 12301 ||| INVOKING Brothers in Arms.
 12303 | Lair:1   | 12303 ||| SWAPPING to +0 morningstar.
 12305 | Lair:1   | 12305 ||| INVOKING Berserk.
 12311 | Lair:1   | Killed a four-headed hydra
 12312 | Lair:1   | Reached skill level 14 in Shields
 12323 | Lair:1   | 12323 ||| SWAPPING to +5 broad axe.
 12438 | Lair:1   | 12438 ||| INVOKING Berserk.
 12911 | Lair:2   | Noticed an eight-headed hydra
 12912 | Lair:2   | 12912 ||| INVOKING Brothers in Arms.
 12912 | Lair:2   | Noticed a catoblepas
 12913 | Lair:2   | 12913 ||| SWAPPING to +0 morningstar.
 12914 | Lair:2   | 12914 ||| INVOKING Berserk.
 12916 | Lair:2   | Killed an eight-headed hydra
 12926 | Lair:2   | Killed a catoblepas
 12939 | Lair:2   | 12939 ||| SWAPPING to +5 broad axe.
 12941 | Lair:2   | HP: 25/104 [poisoned by a cane toad]
 12946 | Lair:2   | HP: 17/104 [poisoned by a cane toad]
 13268 | Lair:2   | Noticed a catoblepas
 13271 | Lair:2   | 13271 ||| Stepping ~*~*~tactically~*~*~ (cloud).
 13272 | Lair:2   | 13272 ||| INVOKING Berserk.
 13277 | Lair:2   | Killed a catoblepas
 13278 | Lair:2   | Reached skill level 9 in Armour
 13314 | Lair:2   | 13314 ||| Stepping ~*~*~tactically~*~*~ (stealth).
 13449 | Lair:2   | 13449 ||| Stepping ~*~*~tactically~*~*~ (stealth).
 13535 | Lair:2   | 13535 ||| Stepping ~*~*~tactically~*~*~ (hiding).
 13655 | Lair:2   | 13655 ||| Stepping ~*~*~tactically~*~*~ (hiding).
 13656 | Lair:2   | 13656 ||| Stepping ~*~*~tactically~*~*~ (hiding).
 13661 | Lair:2   | 13661 ||| Stepping ~*~*~tactically~*~*~ (stealth).
 13773 | Lair:2   | 13773 ||| INVOKING Berserk.
 13793 | Lair:2   | 13793 ||| FLEEEEING.
 13794 | Lair:2   | 13794 ||| FLEEEEING.
 13795 | Lair:2   | 13795 ||| STAIRDANCE
 13906 | Lair:1   | 13906 ||| READING scroll labelled TEAT TEW HAVVY.
 13909 | Lair:2   | 13909 ||| INVOKING Berserk.
 13915 | Lair:2   | 13915 ||| STAIRDANCE
 14104 | Lair:2   | Identified the +4 dagger "Hecvaneo" {vorpal, rF+ rN++ Int-2
                  | Dex+3}
 14223 | Lair:2   | 14223 ||| Stepping ~*~*~tactically~*~*~ (stealth).
 14373 | Lair:2   | Found a staircase to the Shoals.
 14668 | Lair:3   | 14668 ||| READING scroll of enchant weapon.
 14668 | Lair:3   | 14668 ||| ENCHANTING +5 broad axe.
 14688 | Lair:3   | 14688 ||| INVOKING Berserk.
 14689 | Lair:3   | Noticed a four-headed hydra
 14692 | Lair:3   | Reached XP level 13. HP: 111/111 MP: 12/12
 14906 | Lair:3   | 14906 ||| READING scroll of brand weapon.
 14906 | Lair:3   | 14906 ||| BRANDING +6 broad axe.
 15004 | Lair:3   | 15004 ||| Stepping ~*~*~tactically~*~*~ (stealth).
 15005 | Lair:3   | 15005 ||| INVOKING Berserk.
 15246 | Lair:3   | 15246 ||| INVOKING Berserk.
 15305 | Lair:3   | 15305 ||| Stepping ~*~*~tactically~*~*~ (stealth).
 15328 | Lair:3   | 15328 ||| INVOKING Berserk.
 15397 | Lair:3   | 15397 ||| Stepping ~*~*~tactically~*~*~ (stealth).
 15400 | Lair:3   | 15400 ||| INVOKING Berserk.
 15404 | Lair:3   | Reached skill level 15 in Shields
 15500 | Lair:3   | 15500 ||| Stepping ~*~*~tactically~*~*~ (stealth).
 15541 | Lair:3   | Found a staircase to the Snake Pit.
 16039 | Lair:3   | 16039 ||| DROPPING ring of ice.
 16040 | Lair:3   | 16040 ||| DROPPING ring of willpower.
 16076 | Lair:4   | 16076 ||| FLEEEEING.
 16077 | Lair:4   | 16077 ||| FLEEEEING.
 16078 | Lair:4   | 16078 ||| STAIRDANCE
 16192 | Lair:4   | 16192 ||| STAIRDANCE
 16194 | Lair:3   | 16194 ||| INVOKING Berserk.
 16271 | Lair:4   | 16271 ||| STAIRDANCE
 16273 | Lair:3   | 16273 ||| INVOKING Brothers in Arms.
 16273 | Lair:3   | HP: 27/113 [eight-headed hydra (11)]
 16274 | Lair:3   | 16274 ||| READING 6 scrolls of teleportation.
 16274 | Lair:3   | HP: 12/113 [eight-headed hydra (6)]
 16275 | Lair:3   | 16275 ||| DRINKING 3 potions of heal wounds.
 16276 | Lair:3   | 16276 ||| DRINKING 2 potions of heal wounds.
 16344 | Lair:3   | 16344 ||| FLEEEEING.
 16351 | Lair:3   | 16351 ||| STAIRDANCE
 16566 | Lair:4   | 16566 ||| STAIRDANCE
 16571 | Lair:4   | 16571 ||| STAIRDANCE
 16573 | Lair:3   | 16573 ||| INVOKING Berserk.
 16614 | Lair:4   | 16614 ||| STAIRDANCE
 16616 | Lair:3   | 16616 ||| INVOKING Berserk.
 16618 | Lair:3   | Reached skill level 18 in Axes
 16713 | Lair:3   | 16713 ||| Stepping ~*~*~tactically~*~*~ (stealth).
 16714 | Lair:3   | 16714 ||| Stepping ~*~*~tactically~*~*~ (stealth).
 16715 | Lair:3   | 16715 ||| INVOKING Brothers in Arms.
 16716 | Lair:3   | 16716 ||| SWAPPING to +0 morningstar.
 16717 | Lair:3   | 16717 ||| INVOKING Berserk.
 16740 | Lair:3   | 16740 ||| SWAPPING to +6 spectral broad axe.
 17010 | Lair:4   | 17010 ||| Stepping ~*~*~tactically~*~*~ (stealth).
 17012 | Lair:4   | 17012 ||| INVOKING Berserk.
 17056 | Lair:4   | 17056 ||| FLEEEEING.
 17072 | Lair:4   | 17072 ||| INVOKING Berserk.
 17113 | Lair:4   | 17113 ||| INVOKING Berserk.
 17655 | Lair:4   | 17655 ||| DROPPING +2 pair of boots.
 17664 | Lair:5   | Entered Level 5 of the Lair of Beasts
 17665 | Lair:5   | 17665 ||| Stepping ~*~*~tactically~*~*~ (hiding).
 17776 | Lair:5   | 17776 ||| INVOKING Brothers in Arms.
 17777 | Lair:5   | 17777 ||| INVOKING Brothers in Arms.
 17779 | Lair:5   | 17779 ||| SWAPPING to +0 morningstar.
 17780 | Lair:5   | 17780 ||| INVOKING Berserk.
 17790 | Lair:5   | 17790 ||| SWAPPING to +6 spectral broad axe.
 17930 | Lair:5   | 17930 ||| INVOKING Berserk.
 18094 | Lair:5   | Noticed Kirke
 18095 | Lair:5   | 18095 ||| INVOKING Trog's Hand.
 18098 | Lair:5   | 18098 ||| INVOKING Berserk.
 18104 | Lair:5   | Killed Kirke
 18105 | Lair:5   | Reached skill level 16 in Shields
 18230 | Lair:5   | 18230 ||| READING scroll of enchant armour.
 18230 | Lair:5   | 18230 ||| ENCHANTING +0 pair of gloves.
 18243 | Lair:5   | 18243 ||| INVOKING Berserk.
 18259 | Lair:5   | Reached XP level 14. HP: 124/124 MP: 11/13
 18355 | Lair:5   | Found the +10 zealot's sword {holy, *Rage rN+ EV+3}
 18526 | Lair:5   | 18526 ||| Stepping ~*~*~tactically~*~*~ (cloud).
 18532 | Lair:5   | 18532 ||| Stepping ~*~*~tactically~*~*~ (cloud).
 18536 | Lair:5   | 18536 ||| Stepping ~*~*~tactically~*~*~ (cloud).
 18537 | Lair:5   | 18537 ||| INVOKING Berserk.
 18735 | Lair:5   | 18735 ||| INVOKING Berserk.
 18854 | Lair:5   | Reached skill level 12 in Fighting
 18980 | Lair:5   | 18980 ||| INVOKING Brothers in Arms.
 18982 | Lair:5   | 18982 ||| SWAPPING to +0 morningstar.
 18983 | Lair:5   | 18983 ||| INVOKING Berserk.
 18991 | Lair:5   | 18991 ||| SWAPPING to +6 spectral broad axe.
 19110 | Lair:5   | 19110 ||| Stepping ~*~*~tactically~*~*~ (stealth).
 19111 | Lair:5   | 19111 ||| INVOKING Berserk.
 19115 | Lair:5   | Reached skill level 6 in Dodging
 19131 | Lair:5   | Reached skill level 17 in Shields
 19143 | Lair:5   | HP: 18/126 [catoblepas (16)]
 19144 | Lair:5   | 19144 ||| READING 10 scrolls of teleportation.
 19145 | Lair:5   | 19145 ||| DRINKING potion of heal wounds.
 19606 | Lair:5   | Found a staircase to the Slime Pits.
 19607 | Lair:5   | 19607 ||| FLEEEEING.
 19608 | Lair:5   | 19608 ||| FLEEEEING.
 19785 | Lair:5   | 19785 ||| Stepping ~*~*~tactically~*~*~ (stealth).
 19826 | Lair:5   | 19826 ||| Stepping ~*~*~tactically~*~*~ (stealth).
 19830 | Lair:5   | 19830 ||| INVOKING Berserk.
 19862 | Lair:5   | 19862 ||| Stepping ~*~*~tactically~*~*~ (stealth).
 19863 | Lair:5   | 19863 ||| Stepping ~*~*~tactically~*~*~ (stealth).
 19864 | Lair:5   | 19864 ||| Stepping ~*~*~tactically~*~*~ (stealth).
 19865 | Lair:5   | 19865 ||| Stepping ~*~*~tactically~*~*~ (stealth).
 19866 | Lair:5   | 19866 ||| Stepping ~*~*~tactically~*~*~ (stealth).
 20119 | Lair:5   | 20119 ||| FLEEEEING.
 20120 | Lair:5   | 20120 ||| FLEEEEING.
 20276 | Lair:5   | 20276 ||| INVOKING Berserk.
 20389 | Lair:5   | 20389 ||| PLANNING D
 20389 | Lair:5   | 20389 ||| DRINKING 2 cyan potions.
 20390 | Lair:5   | 20390 ||| DROPPING potion of degeneration.
 20524 | D:12     | Reached skill level 12 in Armour
 20555 | D:12     | 20555 ||| READING scroll of enchant armour.
 20555 | D:12     | 20555 ||| ENCHANTING +1 pair of gloves.
 20667 | D:12     | 20667 ||| DRINKING 4 potions of curing.
 20667 | D:12     | 20667 ||| (to cure confusion)
 20704 | D:12     | Found a staircase to the Orcish Mines.
 20741 | D:12     | 20741 ||| Stepping ~*~*~tactically~*~*~ (hiding).
 20744 | D:12     | 20744 ||| Stepping ~*~*~tactically~*~*~ (hiding).
 20745 | D:12     | 20745 ||| Stepping ~*~*~tactically~*~*~ (hiding).
 20746 | D:12     | 20746 ||| Stepping ~*~*~tactically~*~*~ (hiding).
 20748 | D:12     | 20748 ||| Stepping ~*~*~tactically~*~*~ (hiding).
 20749 | D:12     | 20749 ||| Stepping ~*~*~tactically~*~*~ (hiding).
 20755 | D:12     | 20755 ||| Stepping ~*~*~tactically~*~*~ (hiding).
 20756 | D:12     | 20756 ||| Stepping ~*~*~tactically~*~*~ (hiding).
 21421 | D:12     | Identified the +4 ring mail "Joxtamia" {Fly Int+5 Dex+4}
 21458 | D:12     | Found Hauhixtyxto's Antique Armour Shoppe.
 21461 | D:12     | 21461 ||| BUYING pair of brightly glowing gloves (323
                  | gold).
 21461 | D:12     | Bought a pair of brightly glowing gloves for 323 gold
                  | pieces
 21461 | D:12     | Identified the +0 pair of gloves of Derulato {rElec Int+5}
                  | (You bought it in a shop on level 12 of the Dungeon)
 21461 | D:12     | 21461 ||| BUYING pair of runed boots (255 gold).
 21461 | D:12     | Bought a pair of runed boots for 255 gold pieces
 21516 | D:12     | 21516 ||| UPGRADING to +0 pair of gloves of Derulato {rElec
                  | Int+5}.
 21526 | D:12     | 21526 ||| UPGRADING to +2 pair of boots of flying.
 21536 | D:12     | 21536 ||| DROPPING +2 pair of boots.
 21557 | D:13     | Identified the +1 scale mail "Wiemossisan" {rF- Str+8 Int+8
                  | Stlth-}
 21575 | D:13     | 21575 ||| Stepping ~*~*~tactically~*~*~ (stealth).
 21715 | D:13     | 21715 ||| Stepping ~*~*~tactically~*~*~ (stealth).
 21717 | D:13     | 21717 ||| Stepping ~*~*~tactically~*~*~ (hiding).
 22199 | D:13     | Reached skill level 6 in Throwing
 22208 | D:13     | 22208 ||| READING scroll of enchant armour.
 22208 | D:13     | 22208 ||| ENCHANTING +1 hat.
 22214 | D:13     | Found a gate to the Vaults.
 22456 | D:13     | 22456 ||| Stepping ~*~*~tactically~*~*~ (hiding).
 22459 | D:13     | 22459 ||| Stepping ~*~*~tactically~*~*~ (hiding).
 22525 | D:13     | 22525 ||| Stepping ~*~*~tactically~*~*~ (hiding).
 22557 | D:13     | 22557 ||| Stepping ~*~*~tactically~*~*~ (hiding).
 22668 | D:13     | 22668 ||| Stepping ~*~*~tactically~*~*~ (hiding).
 22670 | D:13     | 22670 ||| Stepping ~*~*~tactically~*~*~ (hiding).
 22813 | D:13     | 22813 ||| Stepping randomly (cloudy).
 22814 | D:13     | 22814 ||| Stepping randomly (cloudy).
 22815 | D:13     | 22815 ||| READING 10 scrolls of teleportation.
 22816 | D:13     | 22816 ||| Stepping randomly (stuck).
 22817 | D:13     | 22817 ||| Stepping randomly (stuck).
 23061 | D:14     | Found a runed translucent gate.
 23061 | D:14     | Found a runed translucent gate.
 23062 | D:14     | Found a runed translucent gate.
 23064 | D:14     | Noticed qw's ghost (journeyman GrFi)
 23103 | D:14     | 23103 ||| FLEEEEING.
 23104 | D:14     | 23104 ||| FLEEEEING.
 23226 | D:14     | 23226 ||| INVOKING Brothers in Arms.
 23227 | D:14     | 23227 ||| INVOKING Brothers in Arms.
 23229 | D:14     | 23229 ||| SWAPPING to +0 morningstar.
 23230 | D:14     | 23230 ||| INVOKING Berserk.
 23232 | D:14     | Reached XP level 15. HP: 135/135 MP: 12/14
 23244 | D:14     | 23244 ||| SWAPPING to +6 spectral broad axe.
 23509 | D:14     | 23509 ||| INVOKING Berserk.
 23706 | D:14     | 23706 ||| Stepping ~*~*~tactically~*~*~ (stealth).
 23708 | D:14     | 23708 ||| Stepping ~*~*~tactically~*~*~ (hiding).
 23712 | D:14     | 23712 ||| INVOKING Berserk.
 23839 | D:14     | Found a hide-covered altar of Uskayaw.
 23877 | D:14     | 23877 ||| Stepping ~*~*~tactically~*~*~ (hiding).
 23879 | D:14     | 23879 ||| Stepping ~*~*~tactically~*~*~ (hiding).
 24239 | D:15     | Entered Level 15 of the Dungeon
 24315 | D:15     | 24315 ||| INVOKING Trog's Hand.
 24320 | D:15     | 24320 ||| INVOKING Berserk.
 24330 | D:15     | Reached skill level 18 in Shields
 24754 | D:15     | 24754 ||| Stepping ~*~*~tactically~*~*~ (hiding).
 24755 | D:15     | 24755 ||| INVOKING Berserk.
 25159 | D:15     | Noticed Agnes
 25160 | D:15     | 25160 ||| INVOKING Berserk.
 25163 | D:15     | Killed Agnes
 25164 | D:15     | Reached skill level 15 in Fighting
 25349 | D:15     | 25349 ||| FLEEEEING.
 25350 | D:15     | 25350 ||| FLEEEEING.
 25352 | D:15     | 25352 ||| FLEEEEING.
 25353 | D:15     | 25353 ||| FLEEEEING.
 25354 | D:15     | 25354 ||| FLEEEEING.
 25355 | D:15     | 25355 ||| FLEEEEING.
 25356 | D:15     | 25356 ||| FLEEEEING.
 25357 | D:15     | 25357 ||| FLEEEEING.
 25358 | D:15     | 25358 ||| FLEEEEING.
 25361 | D:15     | 25361 ||| STAIRDANCE
 25438 | D:14     | 25438 ||| DROPPING +2 hat.
 25439 | D:14     | 25439 ||| DROPPING ring of Saetiask {Fly Dex+7}.
 25440 | D:14     | 25440 ||| DROPPING ring of see invisible.
 25441 | D:14     | 25441 ||| READING 17 scrolls of identify.
 25441 | D:14     | 25441 ||| IDENTIFYING coppery potion
 25442 | D:14     | 25442 ||| DROPPING potion of invisibility.
 25608 | D:15     | 25608 ||| Stepping ~*~*~tactically~*~*~ (hiding).
 25641 | D:15     | 25641 ||| INVOKING Berserk.
 25642 | D:15     | Found a staircase to the Depths.
 25751 | D:15     | 25751 ||| PLANNING ORC
 25848 | Orc:1    | Entered Level 1 of the Orcish Mines
 26019 | Orc:1    | 26019 ||| Stepping ~*~*~tactically~*~*~ (stealth).
 26020 | Orc:1    | 26020 ||| Stepping ~*~*~tactically~*~*~ (stealth).
 26272 | Orc:2    | Entered Level 2 of the Orcish Mines
 26272 | Orc:2    | Found a staircase to the Elven Halls.
 26275 | Orc:2    | 26275 ||| Stepping ~*~*~tactically~*~*~ (stealth).
 26276 | Orc:2    | 26276 ||| Stepping ~*~*~tactically~*~*~ (stealth).
 26278 | Orc:2    | 26278 ||| Stepping ~*~*~tactically~*~*~ (hiding).
 26279 | Orc:2    | 26279 ||| Stepping ~*~*~tactically~*~*~ (hiding).
 26347 | Orc:2    | Found Atui's Magic Scroll Shop.
 26349 | Orc:2    | Found Jocown's Distillery.
 26362 | Orc:2    | 26362 ||| BUYING scroll of teleportation (39 gold).
 26362 | Orc:2    | Bought a scroll of teleportation for 39 gold pieces
 26362 | Orc:2    | 26362 ||| BUYING scroll of teleportation (39 gold).
 26362 | Orc:2    | Bought a scroll of teleportation for 39 gold pieces
 26373 | Orc:2    | 26373 ||| Stepping ~*~*~tactically~*~*~ (stealth).
 26375 | Orc:2    | 26375 ||| Stepping ~*~*~tactically~*~*~ (hiding).
 26452 | Orc:2    | 26452 ||| BUYING potion of heal wounds (70 gold).
 26452 | Orc:2    | Bought a potion of heal wounds for 70 gold pieces
 26452 | Orc:2    | 26452 ||| BUYING potion of resistance (140 gold).
 26452 | Orc:2    | Bought a potion of resistance for 140 gold pieces
 26454 | Orc:2    | Found Vuceos's Weapon Emporium.
 26463 | Orc:2    | 26463 ||| BUYING +4 morningstar of freezing (379 gold).
 26463 | Orc:2    | Bought a +4 morningstar of freezing for 379 gold pieces
 26463 | Orc:2    | 26463 ||| DROPPING +0 morningstar.
 26640 | Orc:2    | Found Cosuydan's Weapon Boutique.
 26645 | Orc:2    | 26645 ||| BUYING +0 demon whip (225 gold).
 26645 | Orc:2    | Bought a +0 demon whip for 225 gold pieces
 26645 | Orc:2    | 26645 ||| DROPPING +4 morningstar of freezing.
 26658 | Orc:2    | Found Zofestru's Armour Shop.
 26681 | Orc:2    | 26681 ||| BUYING +1 cloak (161 gold).
 26681 | Orc:2    | Bought a +1 cloak for 161 gold pieces
 26686 | Orc:2    | 26686 ||| Stepping ~*~*~tactically~*~*~ (hiding).
 26687 | Orc:2    | 26687 ||| Stepping ~*~*~tactically~*~*~ (hiding).
 26696 | Orc:2    | 26696 ||| DRINKING 4 potions of curing.
 26696 | Orc:2    | 26696 ||| (to cure confusion)
 26698 | Orc:2    | 26698 ||| Stepping ~*~*~tactically~*~*~ (hiding).
 26701 | Orc:2    | 26701 ||| Stepping ~*~*~tactically~*~*~ (hiding).
 26702 | Orc:2    | 26702 ||| Stepping ~*~*~tactically~*~*~ (hiding).
 26709 | Orc:2    | 26709 ||| Stepping ~*~*~tactically~*~*~ (stealth).
 26723 | Orc:2    | 26723 ||| Stepping ~*~*~tactically~*~*~ (hiding).
 26724 | Orc:2    | 26724 ||| Stepping ~*~*~tactically~*~*~ (hiding).
 26734 | Orc:2    | 26734 ||| Stepping ~*~*~tactically~*~*~ (hiding).
 26739 | Orc:2    | 26739 ||| Stepping ~*~*~tactically~*~*~ (hiding).
 26744 | Orc:2    | 26744 ||| Stepping ~*~*~tactically~*~*~ (stealth).
 26754 | Orc:2    | 26754 ||| Stepping ~*~*~tactically~*~*~ (stealth).
 26758 | Orc:2    | 26758 ||| Stepping ~*~*~tactically~*~*~ (stealth).
 26765 | Orc:2    | 26765 ||| Stepping ~*~*~tactically~*~*~ (stealth).
 26882 | Orc:2    | 26882 ||| Stepping ~*~*~tactically~*~*~ (hiding).
 26911 | Orc:2    | 26911 ||| Stepping ~*~*~tactically~*~*~ (hiding).
 26912 | Orc:2    | 26912 ||| Stepping ~*~*~tactically~*~*~ (hiding).
 26916 | Orc:2    | 26916 ||| INVOKING Trog's Hand.
 26920 | Orc:2    | 26920 ||| Stepping ~*~*~tactically~*~*~ (hiding).
 26921 | Orc:2    | 26921 ||| INVOKING Berserk.
 26939 | Orc:2    | Noticed an orc warlord
 26943 | Orc:2    | 26943 ||| INVOKING Brothers in Arms.
 26952 | Orc:2    | Received a gift from Trog
 26955 | Orc:2    | Killed an orc warlord
 27166 | Orc:2    | 27166 ||| DROPPING +0 demon whip.
 27196 | Orc:2    | Found Tuf Siuz's General Store.
 27197 | Orc:2    | Found Hustim's Jewellery Shop.
 27199 | Orc:2    | Found Mikh's Antique Armour Shop.
 27199 | Orc:2    | Found Nieghaergh's Antique Weapon Boutique.
 27203 | Orc:2    | 27203 ||| SHOPLISTING glowing plate armour (728 gold, have
                  | 398).
 27203 | Orc:2    | 27203 ||| BUYING pair of embroidered gloves (210 gold).
 27203 | Orc:2    | Bought a pair of embroidered gloves for 210 gold pieces
 27213 | Orc:2    | 27213 ||| BUYING scroll of enchant weapon (90 gold).
 27213 | Orc:2    | Bought a scroll of enchant weapon for 90 gold pieces
 27213 | Orc:2    | 27213 ||| READING scroll of enchant weapon.
 27213 | Orc:2    | 27213 ||| ENCHANTING +6 spectral broad axe.
 27216 | Orc:2    | 27216 ||| SHOPLISTING +4 ring of evasion (504 gold, have
                  | 98).
 27216 | Orc:2    | 27216 ||| SHOPLISTING +6 ring of strength (504 gold, have
                  | 98).
 27216 | Orc:2    | 27216 ||| SHOPLISTING amulet of reflection (420 gold, have
                  | 98).
 27216 | Orc:2    | 27216 ||| SHOPLISTING amulet of regeneration (420 gold,
                  | have 98).
 27297 | Orc:2    | 27297 ||| DROPPING +0 pair of gloves of strength.
 27298 | Orc:2    | 27298 ||| UPGRADING to +1 cloak.
 27308 | Orc:2    | 27308 ||| DROPPING +0 cloak.
 27412 | Orc:1    | 27412 ||| Stepping ~*~*~tactically~*~*~ (hiding).
 27413 | Orc:1    | 27413 ||| Stepping ~*~*~tactically~*~*~ (hiding).
 27685 | Orc:1    | 27685 ||| PLANNING SNAKE:1-3
 27829 | Lair:3   | 27829 ||| Stepping ~*~*~tactically~*~*~ (stealth).
 27830 | Lair:3   | 27830 ||| Stepping ~*~*~tactically~*~*~ (stealth).
 27835 | Snake:1  | Entered Level 1 of the Snake Pit
 27853 | Snake:1  | 27853 ||| Stepping ~*~*~tactically~*~*~ (stealth).
 27993 | Snake:1  | 27993 ||| Stepping ~*~*~tactically~*~*~ (stealth).
 27999 | Snake:1  | 27999 ||| Stepping ~*~*~tactically~*~*~ (stealth).
 28230 | Snake:1  | Found a corrupted altar of Lugonu.
 28230 | Snake:1  | Found a one-way gate to the infinite horrors of the Abyss.
 28264 | Snake:1  | 28264 ||| Stepping ~*~*~tactically~*~*~ (hiding).
 28271 | Snake:1  | 28271 ||| INVOKING Berserk.
 28417 | Snake:1  | 28417 ||| Stepping ~*~*~tactically~*~*~ (hiding).
 28521 | Snake:1  | 28521 ||| Stepping ~*~*~tactically~*~*~ (hiding).
 28528 | Snake:1  | Reached XP level 16. HP: 147/149 MP: 15/15
 28754 | Snake:1  | 28754 ||| INVOKING Berserk.
 29052 | Snake:1  | 29052 ||| Stepping ~*~*~tactically~*~*~ (stealth).
 29172 | Snake:1  | Noticed Aizul
 29173 | Snake:1  | 29173 ||| INVOKING Trog's Hand.
 29174 | Snake:1  | 29174 ||| INVOKING Brothers in Arms.
 29175 | Snake:1  | 29175 ||| INVOKING Berserk.
 29180 | Snake:1  | Killed Aizul
 29378 | Snake:1  | 29378 ||| Stepping ~*~*~tactically~*~*~ (stealth).
 29532 | Snake:1  | 29532 ||| Stepping ~*~*~tactically~*~*~ (hiding).
 30068 | Snake:2  | 30068 ||| Stepping ~*~*~tactically~*~*~ (hiding).
 30069 | Snake:2  | 30069 ||| Stepping ~*~*~tactically~*~*~ (hiding).
 30257 | Snake:2  | Noticed Vashnia
 30258 | Snake:2  | 30258 ||| INVOKING Brothers in Arms.
 30261 | Snake:2  | 30261 ||| INVOKING Berserk.
 30279 | Snake:2  | Killed Vashnia
 30280 | Snake:2  | Reached skill level 19 in Shields
 30513 | Snake:2  | Noticed Frances
 30514 | Snake:2  | 30514 ||| Stepping ~*~*~tactically~*~*~ (hiding).
 30515 | Snake:2  | 30515 ||| Stepping ~*~*~tactically~*~*~ (hiding).
 30518 | Snake:2  | 30518 ||| INVOKING Brothers in Arms.
 30519 | Snake:2  | 30519 ||| INVOKING Berserk.
 30522 | Snake:2  | Killed Frances
 31069 | Snake:3  | 31069 ||| INVOKING Berserk.
 31184 | Snake:3  | 31184 ||| Stepping ~*~*~tactically~*~*~ (hiding).
 31265 | Snake:3  | Found a hide-covered altar of Uskayaw.
 31266 | Snake:3  | 31266 ||| INVOKING Brothers in Arms.
 31339 | Snake:3  | 31339 ||| Stepping ~*~*~tactically~*~*~ (hiding).
 31346 | Snake:3  | 31346 ||| Stepping ~*~*~tactically~*~*~ (hiding).
 31374 | Snake:3  | Found Ytsuk's Antique Armour Emporium.
 31454 | Snake:3  | 31454 ||| INVOKING Berserk.
 31462 | Snake:3  | Reached skill level 15 in Armour
 31826 | Snake:3  | 31826 ||| PLANNING SHOALS:1-3
 31826 | Snake:3  | 31826 ||| DROPPING +1 pair of gloves.
 31954 | Shoals:1 | Entered Level 1 of the Shoals
 31955 | Shoals:1 | 31955 ||| INVOKING Berserk.
 32195 | Shoals:1 | 32195 ||| READING scroll of enchant weapon.
 32195 | Shoals:1 | 32195 ||| ENCHANTING +7 spectral broad axe.
 32243 | Shoals:1 | Reached skill level 9 in Dodging
 32262 | Shoals:1 | Noticed Donald
 32263 | Shoals:1 | 32263 ||| INVOKING Brothers in Arms.
 32270 | Shoals:1 | 32270 ||| INVOKING Berserk.
 32271 | Shoals:1 | Killed Donald
 32348 | Shoals:1 | 32348 ||| READING scroll of enchant weapon.
 32348 | Shoals:1 | 32348 ||| ENCHANTING +8 spectral broad axe.
 32675 | Shoals:1 | 32675 ||| INVOKING Berserk.
 32813 | Shoals:1 | 32813 ||| Stepping ~*~*~tactically~*~*~ (hiding).
 33077 | Shoals:1 | 33077 ||| INVOKING Berserk.
 33553 | Shoals:1 | 33553 ||| UPGRADING to +3 chain mail of cold resistance.
 33589 | Shoals:2 | 33589 ||| STAIRDANCE
 33703 | Shoals:2 | 33703 ||| INVOKING Berserk.
 34007 | Shoals:2 | 34007 ||| INVOKING Berserk.
 34200 | Shoals:2 | 34200 ||| Stepping ~*~*~tactically~*~*~ (stealth).
 34201 | Shoals:2 | 34201 ||| Stepping ~*~*~tactically~*~*~ (stealth).
 34203 | Shoals:2 | 34203 ||| Stepping ~*~*~tactically~*~*~ (stealth).
 34211 | Shoals:2 | 34211 ||| Stepping ~*~*~tactically~*~*~ (hiding).
 34228 | Shoals:2 | 34228 ||| Stepping ~*~*~tactically~*~*~ (stealth).
 34229 | Shoals:2 | 34229 ||| Stepping ~*~*~tactically~*~*~ (stealth).
 34231 | Shoals:2 | 34231 ||| Stepping ~*~*~tactically~*~*~ (stealth).
 34275 | Shoals:2 | 34275 ||| INVOKING Berserk.
 34486 | Shoals:2 | 34486 ||| INVOKING Berserk.
 34676 | Shoals:2 | 34676 ||| Stepping ~*~*~tactically~*~*~ (hiding).
 34677 | Shoals:2 | 34677 ||| INVOKING Trog's Hand.
 34678 | Shoals:2 | 34678 ||| INVOKING Brothers in Arms.
 34683 | Shoals:2 | Received a gift from Trog
 34693 | Shoals:2 | 34693 ||| INVOKING Berserk.
 34697 | Shoals:2 | HP: 25/232 [elemental wellspring/torrent of water (42)]
 34697 | Shoals:2 | HP: 4/232 [elemental wellspring/torrent of water (21)]
 34699 | Shoals:2 | Killed from afar by an elemental wellspring

Levels and vault maps discovered:
D:1:      lemuel_arrival_room, layout_basic, serial_bayou, serial_bayou_shore_a,
          serial_bayou_lagoon_b, serial_bayou_lake_a, serial_bayou_crossing,
          basic_ecumenical_altar, chequers_serial_rivers_room_a
D:2:      layout_basic, st_stairs_4, uniq_jessica
D:3:      layout_basic, ebering_ghost_reflecting_pool
D:4:      layout_basic, uniq_duvessa, uniq_edmund, uniq_crazy_yiuf_cottage
D:5:      layout_loops_ring, gammafunk_temple_overflow_elements,
          minmay_temple_entry_large_hall, ebering_ghost_sewer_d
D:6:      kennysheep_kobold_camp, layout_loops_cross, serial_shops, shop
D:7:      layout_basic
D:8:      layout_basic, minmay_misc_feat_ornament, uniq_grum,
          uniq_prince_ribbit1
D:9:      layout_basic, uniq_amaemon, uniq_harold, uniq_gastronok
D:10:     layout_irregular_city, uniq_nergalle, uniq_urug
D:11:     layout_cave_pools, david_lair_generic
D:12:     layout_basic, orc_0_dummy, serial_shops, kennysheep_mini_moat
D:13:     evilmike_halls_of_destruction, layout_basic, grunt_vaults_entry_tiered
D:14:     layout_cave_pools, nicolae_uskayaw_dance_hall,
          gammafunk_ghost_necromancy
D:15:     grunt_enter_depths_snipers, layout_irregular_city, uniq_agnes
Lair:1:   layout_gridlike
Lair:2:   layout_hall_layers, minmay_shoals_entry_hut, special_room
          [special_room_bee], portal_ice_cave_rime, infiniplex_staircase_pool
Lair:3:   layout_regular_city, guppyfry_snake_entry_garden, lemuel_fruit_tree,
          infiniplex_staircase_pool_2
Lair:4:   layout_hall_layers, nicolae_quartered_pool_super, grunt_megastairs_5
Lair:5:   grunt_lair_end_beastmaster, layout_big_grid,
          minmay_slime_entry_oklob_enclosed, grunt_megastairs_1, uniq_kirke
Shoals:1: layout_shoals, uniq_donald
Shoals:2: layout_shoals, nicolae_shoals_raging_river
Snake:1:  layout_grid_shapes, amcnicky_altar_lugonu_corruption,
          nicolae_triple_integral, uniq_aizul
Snake:2:  layout_grid_maze, uniq_vashnia, uniq_frances
Snake:3:  layout_misc_corridors, serial_shops, shop, lemuel_oklob_altar
Orc:1:    layout_diamond_mine
Orc:2:    st_orc_congregation, layout_diamond_mine, serial_shops,
          nicolae_shop_temple_entry_statues_fountains, shop,
          nicolae_lakefront_shop, shop, shop

Skill      XL: |  1  2  3  4  5  6  7  8  9 10 11 12 13 14 15 16 |
---------------+-------------------------------------------------+-----
Axes           | 4 5 6 8 9 10 11 12 14 17 18 | 18.0
Fighting       | 4 6 7 8 9 11 13 15 17 | 17.2
Armour         | 4 5 6 8 9 11 12 14 15 | 15.0
Dodging        | 3 4 5 7 8 10 | 10.0
Throwing       | 1 3 4 6 7 8 |  8.0
Shields        | 6 11 12 13 14 16 17 18 19 | 19.5

Action                   |  1- 3 |  4- 6 |  7- 9 | 10-12 | 13-15 | 16-18 || total
-------------------------+-------+-------+-------+-------+-------+-------++-------
Melee: Hand axe          |    77 |   120 |    42 |       |       |       ||   239
       Headbutt          |    11 |    14 |    34 |    67 |   123 |    56 ||   305
       Punch             |     2 |     2 |     1 |       |       |       ||     5
       War axe           |       |       |   151 |    72 |       |       ||   223
       Broad axe         |       |       |       |   229 |   576 |   250 ||  1055
       Morningstar       |       |       |       |    18 |     8 |       ||    26
Throw: Boomerang         |       |       |     8 |     8 |    13 |    24 ||    53
       Javelin           |       |       |       |    50 |   110 |     6 ||   166
Invok: Berserk           |       |     3 |     8 |    14 |    30 |    15 ||    70
       Brothers in Arms  |       |       |       |     5 |     6 |     6 ||    17
       Trog's Hand       |       |       |       |       |     3 |     2 ||     5
  Use: Scroll            |     4 |     6 |     9 |     8 |     9 |     2 ||    38
       Potion            |     2 |     2 |     2 |       |     6 |       ||    12
 Stab: Distracted        |       |       |       |     1 |    14 |     3 ||    18
Armor: Animal skin       |     7 |     1 |       |       |       |       ||     8
       Chain mail        |       |    34 |    49 |       |       |    18 ||   101
       Plate armour      |       |       |    26 |   204 |   222 |    31 ||   483
Dodge: Dodged            |    45 |    34 |    54 |    77 |   103 |    42 ||   355
Block: Tower shield      |       |       |    97 |   340 |   428 |   222 ||  1087

Table legend:
 A = Non-vault XP
 B = Vault XP
 C = Vault XP percentage of total XP
 D = Non-vault monster count
 E = Vault monster count
 F = Vault count percentage of total count
                 A         B        C        D         E       F
            +---------+---------+-------+---------+---------+-------
      Total |  153774 |   61412 |  28.5 |     587 |     223 |  27.5
            +---------+---------+-------+---------+---------+-------
        D:1 |      49 |       0 |   0.0 |      24 |       0 |   0.0
        D:2 |      61 |      39 |  39.0 |      21 |       3 |  12.5
        D:3 |     112 |       0 |   0.0 |      19 |       0 |   0.0
        D:4 |     182 |     385 |  67.9 |      14 |       3 |  17.6
        D:5 |     689 |       0 |   0.0 |      17 |       0 |   0.0
        D:6 |     416 |     131 |  23.9 |      12 |      21 |  63.6
        D:7 |    1465 |       0 |   0.0 |      11 |       0 |   0.0
        D:8 |    1226 |     814 |  39.9 |      21 |       5 |  19.2
        D:9 |    5145 |    3562 |  40.9 |      30 |       4 |  11.8
       D:10 |     836 |    1561 |  65.1 |       9 |       2 |  18.2
       D:11 |    4315 |    1044 |  19.5 |      20 |       4 |  16.7
       D:12 |    3345 |       0 |   0.0 |      11 |       0 |   0.0
       D:13 |    3611 |   10031 |  73.5 |       5 |      30 |  85.7
       D:14 |   13130 |       0 |   0.0 |      25 |       0 |   0.0
       D:15 |   13917 |    3305 |  19.2 |      25 |       3 |  10.7
     Lair:1 |    6277 |       0 |   0.0 |      24 |       0 |   0.0
     Lair:2 |    6510 |    2718 |  29.5 |      18 |      27 |  60.0
     Lair:3 |   10359 |    1017 |   8.9 |      37 |       2 |   5.1
     Lair:4 |    4579 |       0 |   0.0 |      25 |       0 |   0.0
     Lair:5 |   15549 |   14130 |  47.6 |      35 |      30 |  46.2
   Shoals:1 |   21190 |    1327 |   5.9 |      45 |       1 |   2.2
   Shoals:2 |   13777 |    1675 |  10.8 |      33 |       4 |  10.8
    Snake:1 |   15531 |    1191 |   7.1 |      33 |       1 |   2.9
    Snake:2 |    1896 |    6640 |  77.8 |       5 |       5 |  50.0
    Snake:3 |    6878 |     490 |   6.7 |      16 |       1 |   5.9
      Orc:1 |    1371 |       0 |   0.0 |      23 |       0 |   0.0
      Orc:2 |    1358 |   11352 |  89.3 |      29 |      77 |  72.6
            +---------+---------+-------+---------+---------+-------
